cohdb
Replays
Latest Replays
All Replays
Popular Replays
Top Player Replays
Match Explorer
How It Works
Community
CoH3 Stats
Reddit
Sign in to upload your games and track your stats! →
Sign in with Steam
Match 41531393
Unlisted
Match 41531393
Overview
Messages
Build Orders
End
Kradschützen Motorcycle Team
Panzergrenadier Squad
Selects Italian Infantry
Construct Light Support Kompanie
MG34 Team
Fire Support Elements
2.5-tonne Medical Truck
Selects Guastatori Squad
Selects L6/40 Light Tank Combat Group
Guastatori Squad
le.IG 18 Mechanized Group
Construct Panzerarmee Kommand
Flak 36 Anti-tank Gun Team
Selects Towed Cannone da 105/28 Field Howitzer
Towed Cannone da 105/28 Field Howitzer
Selects Defensive Operations
Armored Reserves
Selects Prepared Positions
Tiger Heavy Tank
Vehicle Survival Package
Emergency Repair Kits
Punic army
Grinch
Kevege
Mael Radec
SirHilaryManfat
Jack Parker
Dakuras
DinoNugs
0
0
Comments
sign in to comment!
No comments posted yet!